 Dungeon Crawl Stone Soup version 0.29-a0-6-ga859fcf985 (webtiles) character file.

Game seed: 17615301107696429642

11 Jannitor the Sneak (level 2, 0/27 HPs)
             Began as a Hill Orc Delver on Jan 27, 2022.
             Slain by a scorpion (2 damage)
             ... on level 4 of the Dungeon.
             The game lasted 00:01:24 (678 turns).

Jannitor the Sneak (Hill Orc Delver)                 Turns: 678, Time: 00:01:24

Health: 0/27       AC:  3    Str: 14    XL:     2   Next: 29%
Magic:  2/2        EV: 11    Int: 10    God:
Gold:   0          SH:  0    Dex: 12    Spells: 1/1 levels left

rFire   . . .      SeeInvis .   k - +0 war axe
rCold   . . .      Faith    .   (no shield)
rNeg    . . .      Spirit   .   b - +0 leather armour
rPois   .          Reflect  .   (no helmet)
rElec   .          Harm     .   j - scarf {repulsion}
rCorr   .          Rampage  .   (no gloves)
Will    .....                   (no boots)
Stlth   ++........              (no amulet)
HPRegen 0.09/turn               (no ring)
MPRegen 0.08/turn               (no ring)

@: lethally poisoned (0 -> -10), hasted, repel missiles, very quick
A: no striking features
a: no special abilities


You were on level 4 of the Dungeon.
You visited 1 branch of the dungeon, and saw 2 of its levels.

Inventory:

Hand Weapons
 a - a +0 hand axe
 k - a +0 war axe (weapon)
Armour
 b - a +0 leather armour (worn)
 j - a scarf of repulsion (worn)
Wands
 g - a wand of digging (3)
Scrolls
 c - a scroll of fog
 d - a scroll of magic mapping
 e - a scroll of fear
 h - a scroll of brand weapon {unknown}
 i - a scroll of silence {unknown}


   Skills:
 + Level 3.8 Fighting
 + Level 3.0 Axes
 + Level 0.7 Armour
 + Level 1.8 Dodging
 - Level 4.1 Stealth


You had one spell level left.
You didn't know any spells.
Your spell library was empty.

Dungeon Overview and Level Annotations

Branches:
Dungeon (5/15)
 Temple: D:4-7

Altars:


Message History

k - a +0 war axe
k - a +0 war axe (weapon)
You hear a distant slurping noise.
Okay, then.
Unknown command.
Okay, then.
Unknown command.
Press: ? - help, v - describe, . - travel
Here: a scorpion The floor.
You feel yourself speed up.
You closely miss the scorpion. The scorpion stings you.
You hit the scorpion.
The scorpion is moderately wounded.
The scorpion stings you.
You slash the scorpion!
The scorpion is almost dead.
The scorpion barely misses you.
You closely miss the scorpion.
The scorpion is almost dead.
The scorpion stings you.
You closely miss the scorpion.
The scorpion is almost dead.
The scorpion stings you!
* * * LOW HITPOINT WARNING * * *
You completely miss the scorpion.
The scorpion is almost dead.
The scorpion stings you but does no damage.
You hit the scorpion but do no damage.
The scorpion is almost dead.
The scorpion stings you.
* * * LOW HITPOINT WARNING * * *
You are lethally poisoned!
The scorpion poisons you!
You closely miss the scorpion.
The scorpion is almost dead.
* * * LOW HITPOINT WARNING * * *
You feel very sick. The scorpion closely misses you. The scorpion stings you.
You die...

###############
#.............#
#.###########.# #.# #.#
#.### ######.#### #.#..
...........# #.#.#
#######.##.# #@#.#
.......##.#
.###.#s#.#.........##.#
≈≈..................##.#
..#######...........##.#
......####.##.#
....<.+..÷...>#
......####.##.# ...####
#.##.# .#.# ####+##.#


You could see a scorpion.

Vanquished Creatures
  An adder (D:4)
  A ball python (D:4)
  A hobgoblin (D:4)
3 creatures vanquished.

Notes
Turn   | Place    | Note
-------+----------+-------------------------------------------
     0 | D:5      | Jannitor the Hill Orc Delver began the quest for the Orb.
     0 | D:5      | Reached XP level 1. HP: 19/19 MP: 1/1
   233 | D:4      | Noticed a jelly
   342 | D:4      | Reached XP level 2. HP: 8/27 MP: 2/2
   625 | D:4      | Noticed a scorpion
   678 | D:4      | Slain by a scorpion

Illustrated notes

Levels and vault maps discovered:
D:4:      minmay_polygon_palace, layout_basic, mainiacjoe_overflow_paths,
          nicolae_overflow_squiral, minmay_crystal_water,
          nicolae_underground_beach
D:5:      nicolae_BIG_FREAKIN_CUBE, layout_loops_ring,
          ebering_ghost_disaster_area

Skill      XL: |  1 |
---------------+----+-----
Axes           | 3 |  3.0
Fighting       | |  3.8
Armour         | |  0.7
Dodging        | |  1.8
Stealth        | |  4.1

Action                   || total
-------------------------++-------
Melee: Hand axe          ||     7
       War axe           ||     8
  Use: Potion            ||     1
Armor: Leather armour    ||     1
Dodge: Dodged            ||     4

Table legend: (Time is in decaauts)
 A = Elapsed time spent in this place.
 B = Non-inter-level travel time spent in this place.
 C = Inter-level travel time spent in this place.
 D = Time resting spent in this place.
 E = Time spent auto-exploring this place.
 F = Levels seen in this place.
 G = Mean time per level.
                   A        B        C        D        E       F      G
               +--------+--------+--------+--------+--------+-----+--------+
         Total |    677 |    635 |     42 |    316 |    144 |   2 |  338.5 |
       Dungeon |    677 |    635 |     42 |    316 |    144 |   2 |  338.5 |
               +--------+--------+--------+--------+--------+-----+--------+

Top non-repeatable levels by time:
     D:4: 668 daAuts
     D:5: 9 daAuts
